 Dungeon Crawl Stone Soup version 0.21.1-1-g345015fe64 (webtiles) character file.

2132 LevaFresel the Slinger (level 9, -3/59 HPs)
             Began as a Halfling Hunter on June 7, 2018.
             Was a Believer of Okawaru.
             Slain by an orc warrior
             ... wielding a +3 glaive of venom
              (22 damage)
             ... on level 7 of the Dungeon.
             The game lasted 00:39:28 (8085 turns).

LevaFresel the Slinger (Halfling Hunter)            Turns: 8085, Time: 00:39:29

Health: -3/59      AC: 19    Str: 16    XL:     9   Next: 55%
Magic:  10/10      EV:  9    Int:  9    God:    Okawaru [**....]
Gold:   359        SH:  0    Dex: 15    Spells: 8/8 levels left

rFire    . . .     SeeInvis .   a - +1 hunting sling
rCold    . . .     Gourm    .   (shield restricted)
rNeg     + . .     Faith    .   A - +4 plate armour
rPois    .         Spirit   .   (no helmet)
rElec    .         Reflect  .   m - +0 cloak
rCorr    .         Harm     .   (no gloves)
MR       .....                  u - +1 pair of boots {Fly}
Stlth    ..........             (no amulet)
HPRegen  0.19/turn              c - ring of positive energy
MPRegen  0.12/turn              p - ring of stealth

@: lethally poisoned (-3 -> -3)
A: small, mutation resistance 1
a: Heroism, Renounce Religion, Evoke Flight


You were on level 7 of the Dungeon.
You worshipped Okawaru.
Okawaru was pleased with you.
You were not hungry.

You visited 2 branches of the dungeon, and saw 8 of its levels.

You collected 359 gold pieces.

Inventory:

Hand Weapons
 a - a +1 hunting sling (weapon)
 b - a +4 dagger
Missiles
 d - 40 sling bullets (quivered)
 j - 164 stones
Armour
 m - a +0 cloak (worn)
 u - a +1 pair of boots of flying (worn)
 A - a +4 plate armour (worn)
 B - a +0 ring mail of cold resistance
Jewellery
 c - a ring of positive energy (left hand)
 i - a +5 ring of intelligence
 p - a ring of stealth (right hand)
Scrolls
 e - a scroll of enchant weapon {unknown}
 g - a scroll of blinking
 h - a scroll of fear {unknown}
 k - a scroll of immolation {unknown}
 l - a scroll of magic mapping {unknown}
 n - 2 scrolls of teleportation {unknown}
 o - 4 scrolls of remove curse
 r - 2 scrolls of amnesia
 x - a scroll of fog {unknown}
 D - 3 scrolls of holy word {unknown}
Potions
 q - a potion of resistance
 s - a potion of lignification
 t - a potion of curing
 v - a potion of degeneration {unknown}
 w - 2 potions of flight
 z - a potion of heal wounds {unknown}
 C - a potion of brilliance {unknown}
Books
 y - a book of Necromancy

   Spells                             Type                      Level
   a - Pain                           Necromancy                   1
   b - Animate Skeleton               Necromancy                   1
   c - Vampiric Draining              Necromancy                   3
   d - Regeneration                   Charms/Necromancy            3
   e - Animate Dead                   Necromancy                   4
   f - Borgnjor's Vile Clutch         Necromancy/Earth             5
Comestibles
 f - 7 rations


   Skills:
 + Level 4.5 Fighting
 + Level 5.3 Short Blades
 * Level 11.0 Slings
 + Level 4.8 Armour
 + Level 5.5 Dodging
 - Level 2.0 Stealth
 + Level 2.1 Invocations
 + Level 2.0 Evocations


You had 8 spell levels left.
You didn't know any spells.

Dungeon Overview and Level Annotations

Branches:
Dungeon (7/15)             Temple (1/1) D:5

Altars:
Ashenzari
Cheibriados
Dithmenos
Elyvilon
Fedhas
Kikubaaqudgha
Makhleb
Nemelex Xobeh
Okawaru
Qazlal
Ru
Sif Muna
Trog
Uskayaw
Vehumet
Wu Jian
Xom
Yredelemnul
Zin


Innate Abilities, Weirdness & Mutations

You are small and have problems with some larger weapons.
You are somewhat resistant to further mutation.


Message History

The orc warrior closely misses you.
Firing (i - inventory. (,) - cycle):
d - 43 sling bullets (quivered)
Press: ? - help, Shift-Dir - straight line, f/p - orc warrior
Aim: an orc warrior, wielding a glaive of venom and wearing a plate armour (moderately wounded)
You shoot a sling bullet.
The sling bullet closely misses the orc warrior.
The orc warrior closely misses you.
Firing (i - inventory. (,) - cycle):
d - 42 sling bullets (quivered)
Press: ? - help, Shift-Dir - straight line, f/p - orc warrior
Aim: an orc warrior, wielding a glaive of venom and wearing a plate armour (moderately wounded)
You shoot a sling bullet.
The sling bullet closely misses the orc warrior.
You feel sick.
Firing (i - inventory. (,) - cycle):
d - 41 sling bullets (quivered)
Press: ? - help, Shift-Dir - straight line, f/p - orc warrior
Aim: an orc warrior, wielding a glaive of venom and wearing a plate armour (moderately wounded)
You shoot a sling bullet.
The sling bullet closely misses the orc warrior.
The orc warrior hits you from afar with a glaive of venom!!
You die...

......'.....>......#
#.#...#.########.###
....###.#...#.....#
....# #.#...#.....#
....# #.#)..#.(...#
....# #.#...#.)...#
....# #.#........##
...## #.###......######
...# #.# #.....@.....##
...# #.# #............#
...####.###[...o.......#
#.........####.........#
#......(..))(((........#
#.........#####........#
#.######### #........#
#.# ########## #o#


You could see an orc warrior.

Vanquished Creatures
  Grinder (D:5)
  An orc warrior (D:5)
  A water moccasin (D:6)
  A sky beast (D:5)
  2 centaurs
  4 bullfrogs
  A water moccasin skeleton (D:6)
  A killer bee (D:7)
  5 wights
  A howler monkey (D:5)
  A crimson imp (D:5)
  A quasit (D:4)
  4 orc priests
  5 orc wizards
  2 bullfrog skeletons (D:4)
  2 centaur skeletons
  Natasha (thrice) (D:4 D:5)
  2 iguanas (D:5)
  5 worker ants
  3 hound skeletons
  2 worker ant zombies (D:6)
  6 adders
  A shadow imp (D:6)
  An ooze (D:2)
  2 worms
  3 dart slugs
  3 leopard geckos
  23 orcs
  4 giant cockroaches
  5 goblins
  6 hobgoblins
  5 jackals
  6 kobolds
  3 quokkas
  A ball python (D:2)
  6 bats
  4 frilled lizards
  A leopard gecko zombie (D:5)
  2 quokka skeletons (D:6)
  A quokka zombie (D:6)
  4 rats
135 creatures vanquished.

Vanquished Creatures (others)
  A quokka (D:4)
1 creature vanquished.

Grand Total: 136 creatures vanquished

Notes
Turn   | Place    | Note
-------+----------+-------------------------------------------
     0 | D:1      | LevaFresel the Halfling Hunter began the quest for the Orb.
     0 | D:1      | Reached XP level 1. HP: 14/14 MP: 1/1
   454 | D:1      | Reached skill level 6 in Slings
   459 | D:1      | Reached XP level 2. HP: 18/19 MP: 2/2
   821 | D:3      | Reached XP level 3. HP: 17/24 MP: 3/3
   976 | D:2      | Reached skill level 1 in Short Blades
   981 | D:2      | Found a faded altar of an unknown god.
  1003 | D:2      | Reached skill level 1 in Armour
  1015 | D:2      | Found a sacrificial altar of Ru.
  1216 | D:2      | Reached XP level 4. HP: 21/29 MP: 4/4
  1570 | D:2      | Found a burning altar of Makhleb.
  2016 | D:3      | Reached XP level 5. HP: 28/35 MP: 5/5
  2167 | D:3      | Reached skill level 7 in Slings
  2462 | D:5      | Entered Level 5 of the Dungeon
  2506 | D:5      | Noticed Grinder
  2520 | D:5      | Paralysed by Grinder for 4 turns
  2527 | D:5      | Paralysed by Grinder for 2 turns
  2546 | D:5      | Paralysed by Grinder for 5 turns
  2559 | D:5      | Paralysed by Grinder for 4 turns
  2566 | D:5      | Killed Grinder
  2566 | D:5      | Reached skill level 8 in Slings
  2566 | D:5      | Reached XP level 6. HP: 10/41 MP: 6/6
  2903 | D:4      | Reached XP level 7. HP: 46/46 MP: 7/7
  3125 | D:4      | Noticed Natasha
  3131 | D:4      | Killed Natasha
  3160 | D:4      | Found a stormy altar of Qazlal.
  3411 | D:4      | Noticed Natasha
  3418 | D:4      | Killed Natasha
  4311 | D:5      | Reached skill level 9 in Slings
  4311 | D:5      | Reached XP level 8. HP: 51/52 MP: 8/8
  4396 | D:5      | Noticed Natasha
  4533 | D:5      | Found a staircase to the Ecumenical Temple.
  4537 | Temple   | Entered the Ecumenical Temple
  4586 | Temple   | Became a worshipper of Warmaster Okawaru
  5079 | D:5      | Killed Natasha
  5695 | D:6      | Reached skill level 10 in Slings
  5707 | D:6      | Found a shattered altar of Ashenzari.
  5738 | D:6      | Reached * piety under Okawaru
  6026 | D:5      | Reached skill level 5 in Dodging
  6026 | D:5      | Reached skill level 1 in Evocations
  6026 | D:5      | Reached XP level 9. HP: 25/58 MP: 9/9
  6204 | D:6      | Reached skill level 1 in Invocations
  7504 | D:6      | Reached skill level 5 in Short Blades
  8001 | D:7      | Reached ** piety under Okawaru
  8064 | D:7      | Reached skill level 11 in Slings
  8085 | D:7      | Slain by an orc warrior

Skill      XL: |  1  2  3  4  5  6  7  8  9 |
---------------+----------------------------+-----
Slings         | 6 8 9 10 11 | 11.0
Fighting       | 2 3 4 |  4.5
Short Blades   | 1 2 3 4 5 |  5.3
Armour         | 1 2 3 4 |  4.8
Dodging        | 3 4 5 |  5.5
Stealth        | 2 |  2.0
Evocations     | 1 2 |  2.0
Invocations    | 2 |  2.1

Action                   |  1- 3 |  4- 6 |  7- 9 || total
-------------------------+-------+-------+-------++-------
Melee: Short sword       |    75 |    55 |   276 ||   406
       Dagger            |       |       |    26 ||    26
 Fire: Hunting sling     |    11 |    89 |   315 ||   415
Throw: Stone             |     8 |     2 |    99 ||   109
 Abil: Stop Flying       |       |     1 |     1 ||     2
       Evoke Flight      |       |       |     1 ||     1
  Use: Scroll            |       |     4 |     5 ||     9
       Potion            |       |     4 |       ||     4
 Stab: Sleeping          |     1 |     1 |       ||     2
  Eat: Ration            |     1 |     1 |     5 ||     7
Armor: Leather armour    |    16 |       |       ||    16
       Ring mail         |       |    19 |       ||    19
       Scale mail        |       |    14 |    54 ||    68
       Plate armour      |       |       |   154 ||   154
Dodge: Dodged            |    69 |    66 |   180 ||   315
